1793 views
Uploaded 2023-03-11 03:37:55
Game version 1.35 (6115)
131:46 long 3on3 ladder game on (8)Mur'gulOasis_LV
Saved by GIGA
1793 views
Uploaded 2023-03-11 03:37:55
Game version 1.35 (6115)
131:46 long 3on3 ladder game on (8)Mur'gulOasis_LV


170 units @ 17.4k
/ 2.4k
146 buildings @ 12.4k
/ 5.8k


x1)
| Lesser Clarity Potion | 1 | 70 |
| Tome of Retraining | 1 | 300 |
| total: | 2 | 370g |
| Peasant | 14 | 1050 | / | 0 |
| Dragonhawk Rider | 8 | 1600 | / | 240 |
| total: | 22 | 2650g | / | 240w |
| Scout Tower | 60 | 1800 | / | 1200 |
| Arcane Tower | 7 | 490 | / | 350 |
| Guard Tower | 16 | 1120 | / | 800 |
| Altar of Kings | 2 | 360 | / | 100 |
| Farm | 10 | 800 | / | 200 |
| Lumber Mill | 2 | 240 | / | 0 |
| Arcane Vault | 1 | 130 | / | 30 |
| Arcane Sanctum | 1 | 150 | / | 140 |
| Gryphon Aviary | 1 | 140 | / | 150 |
| Keep | 1 | 320 | / | 210 |
| Castle | 1 | 360 | / | 210 |
| total: | 77 | 3620g | / | 1820w |
| 0:03 | Peasant |
| 0:03 | Peasant |
| 0:07 | Altar of Kings |
| 0:10 | Farm |
| 0:11 | Farm |
| 0:13 | Peasant |
| 0:23 | Peasant |
| 0:43 | Peasant |
| 0:46 | Scout Tower |
| 0:57 | Lumber Mill |
| 1:04 | Peasant |
| 1:22 | Peasant |
| 1:26 | Farm |
| 1:39 | Arcane Tower |
| 1:43 | Peasant |
| 1:56 | Peasant |
| 1:57 | Improved Lumber Harvesting |
| 2:25 | Peasant |
| 2:25 | Peasant |
| 2:25 | Peasant |
| 2:25 | Peasant |
| 2:29 | Peasant |
| 2:38 | Storm Bolt |
| 3:14 | Scout Tower |
| 3:15 | Scout Tower |
| 3:17 | Scout Tower |
| 3:53 | Guard Tower |
| 3:55 | Scout Tower |
| 3:56 | Scout Tower |
| 3:57 | Scout Tower |
| 4:18 | Scout Tower |
| 4:20 | Scout Tower |
| 4:26 | Guard Tower |
| 4:28 | Keep |
| 4:29 | Improved Masonry |
| 4:34 | Scout Tower |
| 4:36 | Scout Tower |
| 5:09 | Guard Tower |
| 5:11 | Scout Tower |
| 5:12 | Scout Tower |
| 5:12 | Scout Tower |
| 5:14 | Scout Tower |
| 5:34 | Scout Tower |
| 5:34 | Scout Tower |
| 5:35 | Scout Tower |
| 5:37 | Scout Tower |
| 5:41 | Guard Tower |
| 6:19 | Bash |
| 6:26 | Arcane Tower |
| 6:28 | Guard Tower |
| 6:30 | Scout Tower |
| 6:31 | Scout Tower |
| 6:31 | Scout Tower |
| 6:32 | Scout Tower |
| 6:34 | Scout Tower |
| 6:34 | Scout Tower |
| 6:35 | Scout Tower |
| 6:36 | Scout Tower |
| 6:36 | Scout Tower |
| 6:38 | Scout Tower |
| 6:39 | Scout Tower |
| 6:39 | Scout Tower |
| 6:40 | Scout Tower |
| 6:42 | Scout Tower |
| 7:12 | Guard Tower |
| 7:46 | Scout Tower |
| 7:47 | Scout Tower |
| 7:48 | Scout Tower |
| 7:55 | Arcane Tower |
| 8:01 | Guard Tower |
| 8:11 | Lumber Mill |
| 8:15 | Scout Tower |
| 8:16 | Scout Tower |
| 8:18 | Scout Tower |
| 8:20 | Scout Tower |
| 8:22 | Guard Tower |
| 8:39 | Holy Light |
| 9:02 | Scout Tower |
| 9:05 | Scout Tower |
| 9:05 | Scout Tower |
| 9:06 | Scout Tower |
| 9:35 | Advanced Masonry |
| 9:38 | Imbued Masonry |
| 9:45 | Guard Tower |
| 9:49 | Guard Tower |
| 9:53 | Arcane Tower |
| 9:55 | Arcane Tower |
| 9:57 | Guard Tower |
| 10:47 | Arcane Sanctum |
| 11:20 | Guard Tower |
| 11:23 | Arcane Tower |
| 11:56 | Magic Sentry |
| 12:06 | Castle |
| 13:21 | Gryphon Aviary |
| 13:31 | Arcane Vault |
| 13:41 | Farm |
| 13:42 | Farm |
| 13:55 | Scout Tower |
| 13:56 | Scout Tower |
| 13:57 | Scout Tower |
| 13:58 | Scout Tower |
| 13:59 | Scout Tower |
| 14:07 | Arcane Tower |
| 14:28 | Guard Tower |
| 15:07 | Guard Tower |
| 15:17 | Scout Tower |
| 15:18 | Scout Tower |
| 15:19 | Scout Tower |
| 16:28 | Cloud |
| 16:28 | Dragonhawk Rider |
| 16:28 | Dragonhawk Rider |
| 16:28 | Dragonhawk Rider |
| 16:46 | Farm |
| 16:51 | Farm |
| 16:55 | Farm |
| 22:25 | Holy Light |
| 26:20 | Guard Tower |
| 26:22 | Farm |
| 26:22 | Farm |
| 27:22 | Dragonhawk Rider |
| 27:22 | Dragonhawk Rider |
| 30:12 | Divine Shield |
| 36:40 | Dragonhawk Rider |
| 37:08 | Scout Tower |
| 37:08 | Scout Tower |
| 37:09 | Scout Tower |
| 37:14 | Scout Tower |
| 37:14 | Scout Tower |
| 37:16 | Scout Tower |
| 37:16 | Scout Tower |
| 37:17 | Scout Tower |
| 37:54 | Dragonhawk Rider |
| 37:54 | Dragonhawk Rider |
| 44:58 | Guard Tower |
| 55:03 | Avatar |
| 67:18 | Resurrection |
| 68:20 | Altar of Kings |
| 82:54 | Bash |
| 107:04 | Tome of Retraining |
| 107:04 | Retrain Hero |
| 107:07 | Resurrection |
| 107:14 | Lesser Clarity Potion |
| 107:49 | Devotion Aura |
| 119:28 | Bash |
| Right click | 9832 |
| Select group | 5323 |
| Select | 1522 |
| Use ability | 295 |
| Build/train/purchase | 287 |
| Misc. action | 52 |
| Assign group | 51 |
| Minimap ping | 49 |
| Chat | 40 |
| Resource trade | 32 |
| Esc | 6 |
| Item give/drop | 2 |



| Lesser Clarity Potion | 1 | 70 |
| Staff of Sanctuary | 1 | 250 |
| Boots of Speed | 4 | 1000 |
| Healing Salve | 1 | 100 |
| total: | 7 | 1420g |
| Peasant | 19 | 1425 | / | 0 |
| Mortar Team | 5 | 900 | / | 350 |
| Flying Machine | 31 | 3100 | / | 930 |
| Spell Breaker | 4 | 860 | / | 120 |
| Siege Engine | 1 | 195 | / | 60 |
| total: | 60 | 6480g | / | 1460w |
| Scout Tower | 14 | 420 | / | 280 |
| Arcane Tower | 2 | 140 | / | 100 |
| Guard Tower | 5 | 350 | / | 250 |
| Altar of Kings | 2 | 360 | / | 100 |
| Farm | 15 | 1200 | / | 300 |
| Lumber Mill | 3 | 360 | / | 0 |
| Town Hall | 1 | 385 | / | 205 |
| Blacksmith | 1 | 140 | / | 60 |
| Arcane Vault | 1 | 130 | / | 30 |
| Workshop | 4 | 560 | / | 560 |
| Arcane Sanctum | 2 | 300 | / | 280 |
| Keep | 1 | 320 | / | 210 |
| Castle | 1 | 360 | / | 210 |
| total: | 43 | 3855g | / | 1815w |
| 0:02 | Peasant |
| 0:07 | Peasant |
| 0:15 | Altar of Kings |
| 0:19 | Farm |
| 0:21 | Lumber Mill |
| 0:22 | Peasant |
| 0:28 | Peasant |
| 0:46 | Peasant |
| 0:50 | Farm |
| 1:05 | Peasant |
| 1:22 | Peasant |
| 1:28 | Scout Tower |
| 1:29 | Peasant |
| 1:38 | Farm |
| 1:41 | Peasant |
| 2:01 | Arcane Tower |
| 2:03 | Peasant |
| 2:20 | Storm Bolt |
| 2:21 | Peasant |
| 2:26 | Peasant |
| 2:30 | Scout Tower |
| 2:31 | Scout Tower |
| 2:32 | Scout Tower |
| 2:34 | Peasant |
| 2:35 | Improved Lumber Harvesting |
| 2:36 | Improved Masonry |
| 2:47 | Peasant |
| 2:53 | Scout Tower |
| 3:30 | Guard Tower |
| 3:31 | Scout Tower |
| 3:32 | Scout Tower |
| 3:54 | Peasant |
| 4:02 | Guard Tower |
| 4:03 | Peasant |
| 4:28 | Healing Salve |
| 4:31 | Lesser Clarity Potion |
| 4:38 | Town Hall |
| 4:43 | Scout Tower |
| 4:46 | Scout Tower |
| 4:52 | Peasant |
| 5:06 | Scout Tower |
| 5:12 | Peasant |
| 5:18 | Arcane Tower |
| 5:30 | Blacksmith |
| 5:39 | Guard Tower |
| 5:53 | Guard Tower |
| 6:06 | Keep |
| 6:19 | Peasant |
| 6:41 | Black Gunpowder |
| 6:44 | Farm |
| 6:45 | Farm |
| 7:24 | Farm |
| 7:42 | Bash |
| 8:19 | Iron Plating |
| 8:32 | Advanced Lumber Harvesting |
| 8:32 | Advanced Masonry |
| 8:36 | Castle |
| 8:38 | Workshop |
| 8:58 | Scout Tower |
| 9:00 | Scout Tower |
| 9:01 | Scout Tower |
| 9:03 | Scout Tower |
| 9:31 | Holy Light |
| 9:45 | Flak Cannons |
| 9:45 | Flare |
| 9:47 | Guard Tower |
| 9:54 | Workshop |
| 9:56 | Workshop |
| 10:16 | Workshop |
| 10:20 | Arcane Vault |
| 11:08 | Flying Machine Bombs |
| 11:09 | Fragmentation Shards |
| 11:13 | Farm |
| 11:14 | Farm |
| 11:15 | Farm |
| 11:35 | Mortar Team |
| 11:36 | Mortar Team |
| 11:38 | Refined Gunpowder |
| 12:06 | Storm Bolt |
| 12:08 | Divine Shield |
| 12:24 | Farm |
| 12:25 | Farm |
| 12:33 | Lumber Mill |
| 12:36 | Lumber Mill |
| 13:07 | Flying Machine |
| 13:08 | Flying Machine |
| 13:08 | Flying Machine |
| 13:18 | Imbued Gunpowder |
| 13:30 | Storm Bolt |
| 13:31 | Divine Shield |
| 13:37 | Flying Machine |
| 13:39 | Farm |
| 13:40 | Farm |
| 13:41 | Farm |
| 14:17 | Farm |
| 14:23 | Flying Machine |
| 14:24 | Flying Machine |
| 14:25 | Flying Machine |
| 16:06 | Flying Machine |
| 16:06 | Flying Machine |
| 16:07 | Flying Machine |
| 16:07 | Flying Machine |
| 16:07 | Flying Machine |
| 16:08 | Flying Machine |
| 16:22 | Flying Machine |
| 17:09 | Flying Machine |
| 17:17 | Steel Plating |
| 20:36 | Altar of Kings |
| 23:51 | Bash |
| 24:12 | Holy Light |
| 26:08 | Flying Machine |
| 26:08 | Flying Machine |
| 26:08 | Flying Machine |
| 26:08 | Flying Machine |
| 26:21 | Brilliance Aura |
| 26:37 | Bash |
| 26:52 | Mithril Plating |
| 27:03 | Flying Machine |
| 27:05 | Flying Machine |
| 32:07 | Storm Bolt |
| 35:05 | Storm Bolt |
| 36:27 | Mortar Team |
| 37:31 | Flying Machine |
| 37:31 | Flying Machine |
| 37:31 | Flying Machine |
| 37:32 | Flying Machine |
| 39:03 | Divine Shield |
| 42:38 | Blizzard |
| 43:55 | Holy Light |
| 46:45 | Boots of Speed |
| 46:45 | Boots of Speed |
| 47:49 | Imbued Masonry |
| 48:35 | Boots of Speed |
| 48:54 | Boots of Speed |
| 55:31 | Holy Light |
| 56:19 | Studded Leather Armor |
| 62:39 | Mortar Team |
| 62:39 | Mortar Team |
| 62:42 | Reinforced Leather Armor |
| 65:10 | Avatar |
| 70:20 | Iron Forged Swords |
| 70:35 | Arcane Sanctum |
| 70:36 | Arcane Sanctum |
| 71:58 | Spell Breaker |
| 71:59 | Spell Breaker |
| 72:01 | Steel Forged Swords |
| 73:05 | Spell Breaker |
| 73:05 | Spell Breaker |
| 76:17 | Barrage |
| 76:18 | Siege Engine |
| 78:11 | Flying Machine |
| 78:12 | Flying Machine |
| 78:21 | Flying Machine |
| 84:42 | Devotion Aura |
| 88:00 | Staff of Sanctuary |
| 92:30 | Flying Machine |
| 92:30 | Flying Machine |
| 92:30 | Flying Machine |
| 107:42 | Holy Light |
| 107:43 | Holy Light |
| 107:43 | Holy Light |
| 125:30 | Divine Shield |
| Right click | 6405 |
| Select group | 1774 |
| Select | 1118 |
| Use ability | 518 |
| Build/train/purchase | 220 |
| Misc. action | 196 |
| Minimap ping | 34 |
| Assign group | 23 |
| Chat | 17 |
| Item give/drop | 10 |
| Resource trade | 6 |
| Remove unit | 3 |
Cabeelibob
(194)
(131:45) : 
| Lesser Clarity Potion | 6 | 420 |
| Healing Salve | 2 | 200 |
| Orb of Lightning | 1 | 375 |
| Tiny Great Hall | 1 | 600 |
| Potion of Mana | 3 | 600 |
| Boots of Speed | 1 | 250 |
| Staff of Teleportation | 2 | 300 |
| Periapt of Vitality | 1 | 325 |
| Potion of Lesser Invulnerability | 1 | 150 |
| Orb of Fire | 3 | 975 |
| Staff of Sanctuary | 2 | 500 |
| total: | 23 | 4695g |
| Peon | 69 | 5175 | / | 0 |
| Troll Witch Doctor | 4 | 580 | / | 100 |
| Kodo Beast | 2 | 510 | / | 120 |
| Troll Batrider | 9 | 1440 | / | 360 |
| Shaman | 4 | 520 | / | 80 |
| total: | 88 | 8225g | / | 660w |
| Watch Tower | 8 | 880 | / | 640 |
| Altar of Storms | 2 | 360 | / | 100 |
| Orc Burrow | 5 | 800 | / | 200 |
| Voodoo Lounge | 2 | 260 | / | 60 |
| War Mill | 2 | 410 | / | 0 |
| Great Hall | 5 | 1925 | / | 925 |
| Spirit Lodge | 1 | 150 | / | 150 |
| Beastiary | 1 | 145 | / | 140 |
| Stronghold | 1 | 315 | / | 190 |
| Fortress | 1 | 325 | / | 190 |
| total: | 26 | 4930g | / | 2215w |
| 0:05 | Altar of Storms |
| 0:11 | Orc Burrow |
| 0:15 | Peon |
| 0:19 | Peon |
| 0:26 | Peon |
| 0:48 | Peon |
| 1:06 | Voodoo Lounge |
| 1:07 | Peon |
| 1:27 | Peon |
| 1:31 | War Mill |
| 1:39 | Peon |
| 1:53 | Peon |
| 2:00 | Orc Burrow |
| 2:03 | Peon |
| 2:25 | Peon |
| 2:31 | Peon |
| 2:35 | Peon |
| 2:52 | Wind Walk |
| 4:19 | Peon |
| 4:19 | Peon |
| 4:54 | Lesser Clarity Potion |
| 4:55 | Healing Salve |
| 5:10 | Great Hall |
| 5:13 | Voodoo Lounge |
| 5:18 | Orc Burrow |
| 6:05 | Peon |
| 6:28 | Critical Strike |
| 6:41 | War Mill |
| 7:45 | Stronghold |
| 8:41 | Healing Salve |
| 9:04 | Watch Tower |
| 9:04 | Watch Tower |
| 9:05 | Watch Tower |
| 9:06 | Watch Tower |
| 9:07 | Watch Tower |
| 9:07 | Watch Tower |
| 9:08 | Watch Tower |
| 9:09 | Watch Tower |
| 10:01 | Critical Strike |
| 10:11 | Reinforced Defenses |
| 10:12 | Fortress |
| 10:19 | Spirit Lodge |
| 10:24 | Beastiary |
| 11:14 | Spiked Barricades |
| 11:25 | Boots of Speed |
| 11:27 | Staff of Teleportation |
| 13:02 | Witch Doctor Adept Training |
| 13:03 | War Drums Damage Increase |
| 13:03 | Liquid Fire |
| 13:29 | Orb of Lightning |
| 13:32 | Tiny Great Hall |
| 16:13 | Lesser Clarity Potion |
| 16:39 | Orb of Fire |
| 16:39 | Staff of Sanctuary |
| 16:44 | Orb of Fire |
| 16:44 | Staff of Sanctuary |
| 18:30 | Witch Doctor Master Training |
| 18:31 | Troll Witch Doctor |
| 18:31 | Troll Witch Doctor |
| 18:31 | Troll Witch Doctor |
| 18:32 | Troll Witch Doctor |
| 18:33 | Kodo Beast |
| 18:34 | Kodo Beast |
| 18:35 | Troll Batrider |
| 19:14 | Altar of Storms |
| 19:45 | Great Hall |
| 21:03 | Great Hall |
| 21:21 | Great Hall |
| 22:10 | Orc Burrow |
| 22:15 | Peon |
| 22:15 | Peon |
| 22:15 | Peon |
| 22:15 | Peon |
| 22:15 | Peon |
| 22:15 | Peon |
| 23:24 | Orc Burrow |
| 23:28 | Peon |
| 23:28 | Peon |
| 24:15 | Peon |
| 24:15 | Peon |
| 24:15 | Peon |
| 24:15 | Peon |
| 24:18 | Peon |
| 24:18 | Peon |
| 24:18 | Peon |
| 24:18 | Peon |
| 24:54 | Peon |
| 24:55 | Peon |
| 24:55 | Peon |
| 24:55 | Peon |
| 26:41 | Peon |
| 26:41 | Peon |
| 26:41 | Peon |
| 26:41 | Peon |
| 26:41 | Peon |
| 28:28 | Wind Walk |
| 31:45 | Peon |
| 31:45 | Peon |
| 31:45 | Peon |
| 31:45 | Peon |
| 31:45 | Peon |
| 32:39 | Troll Batrider |
| 32:45 | Great Hall |
| 32:53 | Critical Strike |
| 38:35 | Staff of Teleportation |
| 38:46 | Peon |
| 38:46 | Peon |
| 38:46 | Peon |
| 38:46 | Peon |
| 38:46 | Peon |
| 39:08 | Peon |
| 39:08 | Peon |
| 39:08 | Peon |
| 39:09 | Peon |
| 39:09 | Peon |
| 39:09 | Peon |
| 40:02 | Peon |
| 40:02 | Peon |
| 40:03 | Peon |
| 40:03 | Peon |
| 40:15 | Troll Batrider |
| 44:39 | Lesser Clarity Potion |
| 44:43 | Lesser Clarity Potion |
| 44:45 | Potion of Mana |
| 45:05 | Orb of Fire |
| 49:48 | Peon |
| 49:48 | Peon |
| 49:48 | Peon |
| 49:48 | Peon |
| 49:48 | Peon |
| 51:38 | Bladestorm |
| 51:55 | Shaman Adept Training |
| 52:36 | Peon |
| 52:36 | Peon |
| 52:36 | Peon |
| 52:36 | Peon |
| 56:06 | Shaman Master Training |
| 56:07 | Shaman |
| 56:07 | Shaman |
| 56:07 | Shaman |
| 56:07 | Shaman |
| 57:48 | Wind Walk |
| 66:20 | Brilliance Aura |
| 74:53 | Mirror Image |
| 78:14 | Troll Batrider |
| 78:14 | Troll Batrider |
| 78:14 | Troll Batrider |
| 78:14 | Troll Batrider |
| 78:44 | Lesser Clarity Potion |
| 78:47 | Potion of Mana |
| 80:08 | Troll Batrider |
| 80:09 | Troll Batrider |
| 85:14 | Lesser Clarity Potion |
| 85:21 | Potion of Mana |
| 89:14 | Periapt of Vitality |
| 113:22 | Potion of Lesser Invulnerability |
| 119:53 | Mirror Image |
| Right click | 3606 |
| Select | 432 |
| Build/train/purchase | 353 |
| Select group | 276 |
| Misc. action | 192 |
| Resource trade | 153 |
| Use ability | 65 |
| Chat | 56 |
| Item give/drop | 19 |
| Assign group | 11 |
| Remove unit | 8 |
| Minimap ping | 7 |
220 units @ 32.5k
/ 4.8k
156 buildings @ 24.3k
/ 12.2k
⇛
AboveNBeyond
(131:45) : 


x1)
x1)
| Orb of Venom | 1 | 325 |
| Potion of Healing | 1 | 150 |
| Scroll of Town Portal | 3 | 1050 |
| Tome of Retraining | 2 | 600 |
| Boots of Speed | 3 | 750 |
| Periapt of Vitality | 1 | 325 |
| Potion of Lesser Invulnerability | 2 | 300 |
| total: | 13 | 3500g |
| Wisp | 38 | 2280 | / | 0 |
| Archer | 19 | 2470 | / | 190 |
| Hippogryph | 14 | 2240 | / | 280 |
| Druid of the Talon | 3 | 435 | / | 60 |
| Glaive Thrower | 3 | 630 | / | 195 |
| Chimaera | 6 | 1980 | / | 420 |
| total: | 83 | 10035g | / | 1145w |
| Ancient Protector | 13 | 1755 | / | 1040 |
| Moon Well | 7 | 1260 | / | 280 |
| Altar of Elders | 5 | 900 | / | 250 |
| Ancient of War | 2 | 300 | / | 120 |
| Hunter's Hall | 2 | 420 | / | 200 |
| Ancient of Wonders | 1 | 90 | / | 30 |
| Tree of Life | 6 | 2040 | / | 1110 |
| Ancient of Wind | 2 | 300 | / | 280 |
| Chimaera Roost | 3 | 420 | / | 570 |
| Tree of Ages | 3 | 960 | / | 540 |
| Tree of Eternity | 3 | 990 | / | 600 |
| total: | 41 | 7485g | / | 3880w |
| 0:08 | Wisp |
| 0:08 | Wisp |
| 0:23 | Moon Well |
| 0:24 | Wisp |
| 0:27 | Wisp |
| 0:38 | Wisp |
| 0:43 | Altar of Elders |
| 0:54 | Wisp |
| 0:56 | Wisp |
| 1:06 | Ancient of War |
| 1:08 | Wisp |
| 1:22 | Wisp |
| 1:28 | Moon Well |
| 1:53 | Wisp |
| 2:11 | Hunter's Hall |
| 2:15 | Hunter's Hall |
| 2:22 | Archer |
| 2:27 | Wisp |
| 2:33 | Moon Well |
| 2:44 | Archer |
| 2:54 | Evasion |
| 3:00 | Archer |
| 3:36 | Wisp |
| 3:37 | Tree of Ages |
| 3:41 | Archer |
| 4:02 | Ancient Protector |
| 4:15 | Moon Well |
| 4:22 | Immolation |
| 4:39 | Archer |
| 4:40 | Archer |
| 4:49 | Strength of the Moon |
| 5:11 | Ancient of Wonders |
| 5:37 | Evasion |
| 6:05 | Archer |
| 6:06 | Archer |
| 6:27 | Ancient of Wind |
| 6:30 | Ancient of Wind |
| 6:32 | Wisp |
| 6:38 | Ancient of War |
| 6:41 | Improved Strength of the Moon |
| 6:47 | Improved Bows |
| 6:50 | Archer |
| 7:39 | Hippogryph |
| 7:39 | Hippogryph |
| 8:34 | Hippogryph |
| 8:36 | Hippogryph |
| 9:16 | Trueshot Aura |
| 9:28 | Tree of Eternity |
| 9:31 | Moon Well |
| 9:32 | Moon Well |
| 9:52 | Reinforced Hides |
| 10:10 | Hippogryph |
| 11:12 | Hippogryph |
| 11:29 | Moon Well |
| 12:13 | Immolation |
| 12:15 | Searing Arrows |
| 12:29 | Advanced Strength of the Moon |
| 12:30 | Marksmanship |
| 13:12 | Druid of the Talon Adept Training |
| 13:13 | Druid of the Talon |
| 13:14 | Druid of the Talon |
| 13:48 | Trueshot Aura |
| 14:00 | Frost Arrows |
| 14:29 | Druid of the Talon |
| 14:29 | Druid of the Talon Master Training |
| 14:33 | Improved Reinforced Hides |
| 15:48 | Forked Lightning |
| 16:15 | Evasion |
| 16:31 | Advanced Reinforced Hides |
| 17:42 | Wisp |
| 17:42 | Wisp |
| 18:51 | Nature's Blessing |
| 19:14 | Scout |
| 20:17 | Ancient Protector |
| 20:19 | Ancient Protector |
| 20:21 | Ancient Protector |
| 20:23 | Ancient Protector |
| 20:31 | Hippogryph |
| 20:31 | Hippogryph |
| 20:32 | Hippogryph |
| 20:45 | Well Spring |
| 21:06 | Archer |
| 21:12 | Tree of Life |
| 22:40 | Hippogryph |
| 22:40 | Hippogryph |
| 23:57 | Mark of the Talon |
| 24:52 | Hippogryph |
| 24:52 | Hippogryph |
| 26:48 | Archer |
| 28:09 | Hippogryph |
| 28:11 | Archer |
| 30:56 | Wisp |
| 30:57 | Wisp |
| 31:22 | Orb of Venom |
| 31:24 | Scroll of Town Portal |
| 31:49 | Altar of Elders |
| 31:59 | Wisp |
| 31:59 | Wisp |
| 31:59 | Wisp |
| 32:49 | Ancient Protector |
| 32:54 | Ancient Protector |
| 33:00 | Ancient Protector |
| 33:05 | Tome of Retraining |
| 33:05 | Retrain Hero |
| 33:07 | Mana Burn |
| 33:08 | Mana Burn |
| 33:10 | Mana Burn |
| 33:10 | Evasion |
| 33:15 | Evasion |
| 34:34 | Glaive Thrower |
| 34:34 | Glaive Thrower |
| 34:35 | Glaive Thrower |
| 34:47 | Vorpal Blades |
| 35:39 | Boots of Speed |
| 35:41 | Boots of Speed |
| 41:01 | Tree of Life |
| 41:03 | Ancient Protector |
| 41:06 | Tree of Life |
| 41:09 | Ancient Protector |
| 41:12 | Ancient Protector |
| 41:14 | Ancient Protector |
| 43:01 | Archer |
| 43:01 | Archer |
| 43:01 | Archer |
| 43:02 | Archer |
| 43:02 | Archer |
| 43:02 | Archer |
| 43:02 | Archer |
| 43:20 | Wisp |
| 43:20 | Wisp |
| 43:38 | Ancient Protector |
| 43:39 | Wisp |
| 43:39 | Wisp |
| 43:40 | Wisp |
| 44:48 | Periapt of Vitality |
| 46:47 | Frost Arrows |
| 47:56 | Tree of Life |
| 48:34 | Trueshot Aura |
| 50:02 | Wisp |
| 50:02 | Wisp |
| 50:02 | Wisp |
| 51:25 | Potion of Healing |
| 51:29 | Scroll of Town Portal |
| 52:30 | Boots of Speed |
| 52:41 | Wisp |
| 52:41 | Wisp |
| 52:52 | Metamorphosis |
| 65:10 | Altar of Elders |
| 65:32 | Altar of Elders |
| 66:44 | Tree of Ages |
| 66:50 | Tree of Life |
| 67:55 | Mana Shield |
| 69:52 | Wisp |
| 69:52 | Wisp |
| 69:52 | Wisp |
| 69:52 | Wisp |
| 69:53 | Wisp |
| 69:57 | Tree of Eternity |
| 71:18 | Potion of Lesser Invulnerability |
| 72:01 | Tree of Life |
| 72:04 | Wisp |
| 72:04 | Wisp |
| 72:04 | Wisp |
| 72:19 | Chimaera Roost |
| 72:20 | Chimaera Roost |
| 72:21 | Chimaera Roost |
| 73:23 | Strength of the Wild |
| 74:19 | Chimaera |
| 74:20 | Chimaera |
| 74:21 | Chimaera |
| 75:11 | Corrosive Breath |
| 75:27 | Improved Strength of the Wild |
| 80:21 | Advanced Strength of the Wild |
| 82:37 | Chimaera |
| 82:37 | Chimaera |
| 86:42 | Evasion |
| 86:45 | Starfall |
| 88:21 | Chimaera |
| 88:41 | Frost Arrows |
| 94:21 | Tree of Ages |
| 96:13 | Potion of Lesser Invulnerability |
| 96:13 | Scroll of Town Portal |
| 111:33 | Tome of Retraining |
| 111:33 | Retrain Hero |
| 111:38 | Starfall |
| 111:39 | Scout |
| 111:39 | Searing Arrows |
| 111:40 | Searing Arrows |
| 111:43 | Searing Arrows |
| 111:44 | Scout |
| 116:42 | Scout |
| 116:47 | Tornado |
| 119:53 | Altar of Elders |
| 124:45 | Immolation |
| 130:28 | Trueshot Aura |
| 131:25 | Mana Shield |
| Right click | 7673 |
| Select | 1939 |
| Select group | 1909 |
| Build/train/purchase | 653 |
| Misc. action | 239 |
| Use ability | 176 |
| Minimap ping | 121 |
| Assign group | 92 |
| Resource trade | 58 |
| Chat | 43 |
| Item give/drop | 14 |
| Remove unit | 1 |


| Healing Salve | 1 | 100 |
| Scroll of Healing | 1 | 250 |
| total: | 2 | 350g |
| Peon | 11 | 825 | / | 0 |
| Grunt | 7 | 1400 | / | 0 |
| Tauren | 6 | 1680 | / | 480 |
| Demolisher | 13 | 2860 | / | 650 |
| Troll Headhunter | 12 | 1680 | / | 240 |
| Wind Rider | 7 | 1855 | / | 280 |
| total: | 56 | 10300g | / | 1650w |
| Watch Tower | 39 | 4290 | / | 3120 |
| Orc Burrow | 14 | 2240 | / | 560 |
| Altar of Storms | 2 | 360 | / | 100 |
| Barracks | 1 | 180 | / | 50 |
| War Mill | 1 | 205 | / | 0 |
| Voodoo Lounge | 1 | 130 | / | 30 |
| Great Hall | 2 | 770 | / | 370 |
| Tauren Totem | 2 | 270 | / | 310 |
| Beastiary | 4 | 580 | / | 560 |
| Stronghold | 3 | 945 | / | 570 |
| Fortress | 2 | 650 | / | 380 |
| total: | 66 | 9025g | / | 5100w |
| 0:03 | Peon |
| 0:03 | Peon |
| 0:14 | Orc Burrow |
| 0:17 | Altar of Storms |
| 0:20 | Peon |
| 0:45 | Peon |
| 0:49 | Barracks |
| 0:52 | Peon |
| 1:25 | Peon |
| 1:29 | Peon |
| 1:36 | Orc Burrow |
| 1:43 | Peon |
| 1:53 | Grunt |
| 2:20 | Feral Spirit |
| 2:36 | War Mill |
| 2:39 | Grunt |
| 2:50 | Orc Burrow |
| 3:09 | Grunt |
| 3:58 | Watch Tower |
| 4:12 | Watch Tower |
| 4:23 | Chain Lighting |
| 4:35 | Grunt |
| 4:37 | Stronghold |
| 4:39 | Steel Armor |
| 5:36 | Watch Tower |
| 5:38 | Spiked Barricades |
| 5:46 | Voodoo Lounge |
| 6:03 | Grunt |
| 6:36 | Steel Melee Weapons |
| 6:46 | Watch Tower |
| 7:06 | Grunt |
| 7:16 | Watch Tower |
| 7:25 | Fortress |
| 7:30 | Tauren Totem |
| 7:37 | Tauren Totem |
| 7:39 | Grunt |
| 7:58 | Watch Tower |
| 8:49 | Orc Burrow |
| 9:10 | Thorium Armor |
| 9:37 | Berserker Strength |
| 9:46 | Peon |
| 9:47 | Peon |
| 10:14 | Watch Tower |
| 10:24 | Healing Wave |
| 10:26 | Feral Spirit |
| 10:28 | Tauren |
| 10:33 | Tauren |
| 10:54 | Tauren |
| 11:33 | Orc Burrow |
| 11:46 | Tauren |
| 11:59 | Pulverize |
| 12:41 | Watch Tower |
| 12:57 | Serpent Ward |
| 13:21 | Healing Salve |
| 13:36 | Thorium Melee Weapons |
| 13:41 | Peon |
| 13:55 | Beastiary |
| 14:17 | Orc Burrow |
| 14:25 | Burning Oil |
| 15:22 | Tauren |
| 15:29 | Orc Burrow |
| 15:36 | Orc Burrow |
| 15:56 | Tauren |
| 16:30 | Watch Tower |
| 16:44 | Demolisher |
| 17:03 | Great Hall |
| 17:59 | Demolisher |
| 18:19 | Watch Tower |
| 19:52 | Watch Tower |
| 20:00 | Watch Tower |
| 21:35 | Watch Tower |
| 21:40 | Watch Tower |
| 22:08 | Stronghold |
| 22:16 | Troll Headhunter |
| 22:16 | Troll Headhunter |
| 22:43 | Watch Tower |
| 22:49 | Watch Tower |
| 23:54 | Watch Tower |
| 23:58 | Watch Tower |
| 24:04 | Troll Headhunter |
| 24:04 | Troll Headhunter |
| 24:30 | Fortress |
| 24:47 | Beastiary |
| 25:09 | Watch Tower |
| 25:14 | Watch Tower |
| 25:26 | Demolisher |
| 26:18 | Orc Burrow |
| 26:33 | Orc Burrow |
| 26:39 | Watch Tower |
| 27:57 | Chain Lighting |
| 28:50 | Great Hall |
| 29:10 | Watch Tower |
| 29:15 | Watch Tower |
| 29:21 | Watch Tower |
| 29:26 | Watch Tower |
| 29:34 | Watch Tower |
| 29:41 | Watch Tower |
| 29:44 | Orc Burrow |
| 29:59 | Troll Headhunter |
| 30:07 | Healing Wave |
| 30:23 | Watch Tower |
| 30:33 | Watch Tower |
| 30:39 | Watch Tower |
| 30:44 | Watch Tower |
| 31:59 | Watch Tower |
| 33:05 | Troll Headhunter |
| 33:05 | Troll Headhunter |
| 33:11 | Watch Tower |
| 33:36 | Stronghold |
| 34:03 | Troll Headhunter |
| 34:05 | Troll Headhunter |
| 34:20 | Watch Tower |
| 34:31 | Troll Headhunter |
| 34:36 | Steel Ranged Weapons |
| 35:29 | Watch Tower |
| 35:39 | Altar of Storms |
| 35:44 | Troll Headhunter |
| 35:44 | Troll Headhunter |
| 36:01 | Watch Tower |
| 36:14 | Demolisher |
| 36:15 | Demolisher |
| 36:23 | Demolisher |
| 36:42 | Watch Tower |
| 37:02 | Orc Burrow |
| 38:14 | Demolisher |
| 38:50 | Watch Tower |
| 40:16 | Demolisher |
| 40:16 | Demolisher |
| 40:32 | Demolisher |
| 40:42 | Reinforced Defenses |
| 41:17 | Demolisher |
| 41:49 | Watch Tower |
| 44:05 | Orc Burrow |
| 46:46 | Beastiary |
| 46:54 | Beastiary |
| 46:57 | Demolisher |
| 47:01 | Demolisher |
| 47:37 | Orc Burrow |
| 48:18 | Wind Rider |
| 48:18 | Wind Rider |
| 48:21 | Wind Rider |
| 49:19 | Wind Rider |
| 50:08 | Wind Rider |
| 52:23 | Wind Rider |
| 53:14 | Wind Rider |
| 53:55 | Scroll of Healing |
| Right click | 954 |
| Select group | 569 |
| Select | 447 |
| Build/train/purchase | 96 |
| Use ability | 40 |
| Assign group | 28 |
| Chat | 10 |
| Misc. action | 8 |
| Remove unit | 6 |
| Minimap ping | 5 |
| Resource trade | 5 |



x1)
| Rod of Necromancy | 2 | 300 |
| Ritual Dagger | 2 | 250 |
| Orb of Corruption | 1 | 375 |
| Potion of Mana | 2 | 400 |
| Scroll of Healing | 1 | 250 |
| Scroll of Town Portal | 5 | 1750 |
| Boots of Speed | 1 | 250 |
| Staff of Teleportation | 2 | 300 |
| Potion of Invisibility | 1 | 100 |
| Tome of Retraining | 1 | 300 |
| total: | 18 | 4275g |
| Acolyte | 27 | 2025 | / | 0 |
| Ghoul | 12 | 1440 | / | 0 |
| Crypt Fiend | 13 | 2795 | / | 520 |
| Obsidian Statue | 5 | 1000 | / | 175 |
| Frost Wyrm | 5 | 1925 | / | 600 |
| Banshee | 9 | 1395 | / | 270 |
| Troll Batrider | 10 | 1600 | / | 400 |
| total: | 81 | 12180g | / | 1965w |
| Nerubian Tower | 1 | 100 | / | 20 |
| Spirit Tower | 11 | 1595 | / | 440 |
| Altar of Darkness | 4 | 720 | / | 200 |
| Crypt | 1 | 200 | / | 50 |
| Graveyard | 1 | 215 | / | 0 |
| Ziggurat | 25 | 3750 | / | 1250 |
| Tomb of Relics | 3 | 390 | / | 90 |
| Necropolis | 4 | 900 | / | 0 |
| Slaughterhouse | 3 | 420 | / | 405 |
| Sacrificial Pit | 1 | 75 | / | 150 |
| Temple of the Damned | 2 | 310 | / | 280 |
| Boneyard | 4 | 700 | / | 800 |
| Halls of the Dead | 1 | 320 | / | 210 |
| Black Citadel | 1 | 325 | / | 230 |
| Voodoo Lounge | 1 | 130 | / | 30 |
| total: | 49 | 7810g | / | 3255w |
| 0:02 | Acolyte |
| 0:03 | Altar of Darkness |
| 0:08 | Crypt |
| 0:10 | Graveyard |
| 0:18 | Acolyte |
| 0:18 | Acolyte |
| 0:18 | Acolyte |
| 0:18 | Acolyte |
| 0:18 | Acolyte |
| 0:18 | Acolyte |
| 0:18 | Acolyte |
| 0:41 | Altar of Darkness |
| 0:58 | Ziggurat |
| 1:09 | Ghoul |
| 1:09 | Ghoul |
| 1:26 | Tomb of Relics |
| 1:48 | Crypt Fiend |
| 2:00 | Ziggurat |
| 2:21 | Crypt Fiend |
| 2:22 | Crypt Fiend |
| 2:44 | Death Coil |
| 2:46 | Rod of Necromancy |
| 2:57 | Crypt Fiend |
| 2:58 | Crypt Fiend |
| 3:32 | Halls of the Dead |
| 3:35 | Unholy Aura |
| 3:42 | Ghoul |
| 4:07 | Crypt Fiend |
| 4:13 | Creature Attack |
| 4:33 | Ziggurat |
| 4:36 | Nerubian Tower |
| 4:56 | Death Coil |
| 5:30 | Crypt Fiend |
| 5:39 | Rod of Necromancy |
| 5:39 | Ritual Dagger |
| 5:40 | Ritual Dagger |
| 6:10 | Black Citadel |
| 6:38 | Unholy Aura |
| 6:39 | Slaughterhouse |
| 6:47 | Ziggurat |
| 6:54 | Frost Nova |
| 7:46 | Obsidian Statue |
| 7:48 | Obsidian Statue |
| 7:49 | Improved Creature Attack |
| 9:29 | Ziggurat |
| 9:31 | Sleep |
| 9:34 | Orb of Corruption |
| 9:34 | Scroll of Healing |
| 10:07 | Destroyer Form |
| 10:16 | Frost Armor |
| 10:28 | Advanced Creature Attack |
| 10:30 | Ghoul |
| 10:46 | Sacrificial Pit |
| 10:48 | Acolyte |
| 12:05 | Creature Carapace |
| 12:11 | Carrion Swarm |
| 13:02 | Frost Nova |
| 13:08 | Boneyard |
| 13:08 | Boneyard |
| 13:30 | Death Coil |
| 13:34 | Carrion Swarm |
| 13:38 | Ziggurat |
| 13:39 | Ziggurat |
| 14:25 | Acolyte |
| 14:27 | Necropolis |
| 14:31 | Frost Wyrm |
| 14:44 | Ghoul |
| 14:52 | Obsidian Statue |
| 15:45 | Acolyte |
| 15:46 | Acolyte |
| 15:47 | Freezing Breath |
| 16:10 | Web |
| 16:27 | Improved Creature Carapace |
| 16:44 | Frost Wyrm |
| 16:59 | Acolyte |
| 16:59 | Acolyte |
| 16:59 | Acolyte |
| 16:59 | Acolyte |
| 17:00 | Ziggurat |
| 17:01 | Ziggurat |
| 17:02 | Ziggurat |
| 17:02 | Ziggurat |
| 17:05 | Ziggurat |
| 17:10 | Ziggurat |
| 17:11 | Ziggurat |
| 17:53 | Advanced Creature Carapace |
| 18:40 | Spirit Tower |
| 18:58 | Scroll of Town Portal |
| 19:06 | Ziggurat |
| 19:06 | Ziggurat |
| 19:07 | Ziggurat |
| 19:29 | Spirit Tower |
| 19:56 | Sleep |
| 20:04 | Spirit Tower |
| 20:14 | Scroll of Town Portal |
| 20:26 | Boots of Speed |
| 20:28 | Staff of Teleportation |
| 20:52 | Frost Armor |
| 21:43 | Spirit Tower |
| 22:03 | Potion of Mana |
| 22:03 | Potion of Mana |
| 22:07 | Acolyte |
| 22:07 | Acolyte |
| 22:26 | Necropolis |
| 22:45 | Acolyte |
| 22:47 | Acolyte |
| 22:51 | Scroll of Town Portal |
| 23:52 | Ghoul Frenzy |
| 24:36 | Ziggurat |
| 24:36 | Ziggurat |
| 24:37 | Ziggurat |
| 24:38 | Ziggurat |
| 24:39 | Ziggurat |
| 24:40 | Ziggurat |
| 24:40 | Ziggurat |
| 24:41 | Ziggurat |
| 25:33 | Spirit Tower |
| 26:43 | Spirit Tower |
| 27:22 | Acolyte |
| 27:49 | Necropolis |
| 27:51 | Necropolis |
| 28:37 | Ghoul |
| 28:37 | Ghoul |
| 28:37 | Ghoul |
| 29:37 | Slaughterhouse |
| 29:48 | Acolyte |
| 32:11 | Slaughterhouse |
| 32:46 | Tomb of Relics |
| 34:24 | Boneyard |
| 34:26 | Boneyard |
| 34:33 | Altar of Darkness |
| 34:36 | Burrow |
| 35:17 | Staff of Teleportation |
| 35:35 | Crypt Fiend |
| 35:35 | Crypt Fiend |
| 36:04 | Crypt Fiend |
| 37:57 | Crypt Fiend |
| 37:57 | Crypt Fiend |
| 38:51 | Frost Wyrm |
| 40:57 | Ghoul |
| 40:57 | Ghoul |
| 40:57 | Ghoul |
| 40:58 | Ghoul |
| 41:19 | Scroll of Town Portal |
| 44:10 | Temple of the Damned |
| 44:11 | Temple of the Damned |
| 46:40 | Banshee Adept Training |
| 47:51 | Banshee Master Training |
| 49:08 | Banshee |
| 51:47 | Banshee |
| 52:23 | Carrion Swarm |
| 52:24 | Unholy Aura |
| 52:52 | Acolyte |
| 53:08 | Frost Nova |
| 56:05 | Banshee |
| 56:37 | Potion of Invisibility |
| 56:48 | Voodoo Lounge |
| 57:47 | Banshee |
| 58:18 | Troll Batrider |
| 58:19 | Troll Batrider |
| 58:20 | Troll Batrider |
| 62:16 | Troll Batrider |
| 62:16 | Troll Batrider |
| 66:53 | Troll Batrider |
| 66:53 | Troll Batrider |
| 66:53 | Troll Batrider |
| 66:53 | Troll Batrider |
| 66:54 | Troll Batrider |
| 69:33 | Inferno |
| 73:42 | Frost Wyrm |
| 74:07 | Acolyte |
| 74:35 | Obsidian Statue |
| 74:38 | Crypt Fiend |
| 76:38 | Death Pact |
| 76:46 | Tomb of Relics |
| 76:48 | Scroll of Town Portal |
| 79:23 | Obsidian Statue |
| 79:55 | Acolyte |
| 86:19 | Banshee |
| 86:19 | Banshee |
| 86:22 | Death and Decay |
| 88:32 | Sleep |
| 93:17 | Frost Wyrm |
| 96:22 | Acolyte |
| 107:14 | Banshee |
| 108:11 | Tome of Retraining |
| 108:11 | Retrain Hero |
| 108:32 | Death Coil |
| 108:33 | Animate Dead |
| 108:33 | Death Coil |
| 108:33 | Death Coil |
| 108:34 | Unholy Aura |
| 108:34 | Unholy Aura |
| 112:06 | Acolyte |
| 112:36 | Death Pact |
| 114:52 | Vampiric Aura |
| 120:08 | Banshee |
| 121:55 | Altar of Darkness |
| 123:50 | Banshee |
| 128:11 | Frost Armor |
| 130:09 | Death Pact |
| Select group | 11425 |
| Right click | 8972 |
| Select | 3150 |
| Misc. action | 1431 |
| Use ability | 1226 |
| Build/train/purchase | 449 |
| Assign group | 176 |
| Minimap ping | 130 |
| Resource trade | 116 |
| Chat | 63 |
| Item give/drop | 15 |
| Esc | 6 |
| Remove unit | 2 |